 Dungeon Crawl Stone Soup version 0.20-a0-972-gb9bd3e6 (webtiles) character file.

72 Koga the Conjurer (level 4, -4/27 HPs)
             Began as an Octopode Wizard on Apr 9, 2017.
             Slain by Koga's ghost (5 damage)
             ... on level 3 of the Dungeon.
             The game lasted 00:05:27 (2812 turns).

Koga the Conjurer (Octopode Wizard)                 Turns: 2812, Time: 00:05:28

Health: -4/27      AC:  1    Str:  6    XL:     4   Next: 26%
Magic:  2/9        EV: 13    Int: 21    God:
Gold:   77         SH:  0    Dex: 10    Spells: 3/9 levels left

rFire    . . .     SeeInvis +   p - +3 mace
rCold    . . .     Gourm    .   (no shield)
rNeg     . . .     Faith    .   a - +0 hat
rPois    .         Spirit   .   (no amulet)
rElec    .         Reflect  .   q - ring of see invisible
rCorr    .         Harm     .   (no ring)
MR       .....                  (no ring)
Stlth    +++.......             (no ring)
Regen    0.1/turn               (no ring)
MPRegen  0.2/turn               (no ring)
                                (no ring)
                                (no ring)

@: no status effects
A: almost no armour, stealthy swim, amphibious, 8 rings, constrict 8, camouflage
1, gelatinous body 1
a: no special abilities


You were on level 3 of the Dungeon.
You were not hungry.

You visited 1 branch of the dungeon, and saw 3 of its levels.

You collected 77 gold pieces.

Inventory:

Hand Weapons
 p - a +3 mace (weapon)
Armour
 a - a +0 hat (worn)
Jewellery
 q - a ring of see invisible (left tentacle)
Scrolls
 g - 3 scrolls of remove curse {unknown}
 h - a scroll of fear {unknown}
 i - a scroll of enchant weapon {unknown}
 j - 2 scrolls of identify {unknown}
 o - a scroll of blinking {unknown}
Potions
 d - 4 potions of curing {unknown}
 e - 2 potions of heal wounds {unknown}
 k - a potion of cancellation {unknown}
 m - a potion of ambrosia {unknown}
 n - a potion of mutation {unknown}
 r - a potion of flight {unknown}
Books
 b - a book of Minor Magic

   Spells                             Type                      Level
   a - Magic Dart                     Conjuration                  1
   b - Blink                          Translocation                2
   c - Call Imp                       Summoning                    2
   d - Slow                           Hexes                        2
   e - Conjure Flame                  Conjuration/Fire             3
   f - Mephitic Cloud                 Conjuration/Poison/Air       3
Comestibles
 c - 3 bread rations
 f - 2 meat rations
 l - a chunk of flesh


   Skills:
 - Level 2.0 Dodging
 - Level 2.6 Stealth
 - Level 3.4 Spellcasting
 + Level 3.5 Conjurations
   Level 1.0 Summonings
   Level 1.0 Translocations


You had 3 spell levels left.
You knew the following spells:

 Your Spells              Type           Power        Failure   Level  Hunger
a - Magic Dart            Conj           ###.         3%          1    None
b - Slow                  Hex            #.......     21%         2    ##.....
c - Mephitic Cloud        Conj/Pois/Air  #.......     24%         3    ###....


Dungeon Overview and Level Annotations

Branches:
Dungeon (3/15)

Altars:

Annotations:
D:3 Koga's ghost, amateur OpCj


Innate Abilities, Weirdness & Mutations

You cannot wear most types of armour.
You are very stealthy in the water. (Stealth+)
You are amphibious.
You can wear up to eight rings at the same time.
You can use your tentacles to constrict eight enemies at once.
Your skin changes colour to match your surroundings (Stealth+).
Your rubbery body absorbs attacks. (AC +1, EV +1)


Message History

Press: ? - help, Shift-Dir - straight line, f/p - Koga's ghost
Aim: Koga's ghost (severely damaged)
The magic dart hits Koga's ghost.
Koga's ghost is severely damaged.
Koga's ghost hits you.
Casting: Magic Dart
Confirm with . or Enter, or press ? or * to list all spells.
Aiming: Magic Dart
Press: ? - help, Shift-Dir - straight line, f/p - Koga's ghost
Aim: Koga's ghost (severely damaged)
The magic dart hits Koga's ghost.
Koga's ghost is severely damaged.
Koga's ghost hits you.
You closely miss Koga's ghost.
Koga's ghost is severely damaged.
Koga's ghost casts a spell at you. The magic dart hits you!
* * * LOW HITPOINT WARNING * * *
Koga's ghost hits you.
You die...

.(...................###..###.#
############.#......## ##.###.###
#.#########.###.##.#.###.........
.#......)..## ##.#.##.#)...)....#
###.#######.###.##......#........
.#.########..#..##.######.#.....#
#........##.#.#.##... .........##
##.##.......#.#.##.######.###.###
...##.##.##.....@W......#.#.....(
##.##.##....#.#.##.####?#.#.#####
#..........#.#.# .# #.#. #
#####.#####.#.#.# # # #.....#
#.#.#.# #.##### #.#.#.# #.#
#.#...# ..# #.#.#.# ### #.#)#.#


You could see Koga's ghost.

Vanquished Creatures
  2 adders (D:2)
  3 dart slugs (D:2)
  2 leopard geckos
  An orc (D:3)
  A giant cockroach (D:2)
  7 goblins
  5 hobgoblins
  6 jackals
  5 kobolds
  3 bats
  4 frilled lizards
  5 rats
44 creatures vanquished.

Notes
Turn   | Place    | Note
-------+----------+-------------------------------------------
     0 | D:1      | Koga the Octopode Wizard began the quest for the Orb.
     0 | D:1      | Reached XP level 1. HP: 11/11 MP: 4/4
   450 | D:1      | Reached XP level 2. HP: 17/17 MP: 4/6
   454 | D:1      | Learned a level 2 spell: Slow
  1368 | D:2      | Reached XP level 3. HP: 14/21 MP: 0/7
  2360 | D:2      | Reached XP level 4. HP: 27/27 MP: 0/9
  2365 | D:2      | Learned a level 3 spell: Mephitic Cloud
  2803 | D:3      | Noticed Koga's ghost (amateur OpCj)
  2812 | D:3      | HP: 1/27 [Koga's ghost/magic dart (10)]
  2812 | D:3      | Slain by Koga's ghost

Vault maps used:
D:1:      kennysheep_arrival_seaside, minmay_crystal_room, hex_tiny, st_stairs_9
D:2:      first_bread

Skill      XL: |  1  2  3 |
---------------+----------+-----
Conjurations   | 2 3 |  3.5
Dodging        | |  2.0
Stealth        | |  2.6
Spellcasting   | |  3.4
Summonings     | |  1.0
Translocations | |  1.0

Action                   |  1- 3 |  4- 6 || total
-------------------------+-------+-------++-------
Melee: Unarmed           |    27 |       ||    27
       Constrict         |     7 |       ||     7
       Tentacles         |     3 |       ||     3
       Short sword       |     4 |       ||     4
       Mace              |       |     1 ||     1
 Cast: Magic Dart        |    84 |    20 ||   104
 Stab: Sleeping          |     1 |       ||     1
  Eat: Chunk             |     4 |     2 ||     6
Armor: Skin              |     4 |       ||     4
Dodge: Dodged            |    24 |       ||    24
